 Dungeon Crawl Stone Soup version 0.21-a0-401-g0b6bec4 (webtiles) character file.

831 scotchgp the Skirmisher (level 7, -2/60 HPs)
             Began as a Gnoll Wanderer on Oct 24, 2017.
             Was a Follower of Yredelemnul.
             Slain by Grinder (3 damage)
             ... while paralysed by Grinder
             ... on level 4 of the Dungeon.
             The game lasted 00:07:14 (4397 turns).

scotchgp the Skirmisher (Gnoll Wanderer)            Turns: 4397, Time: 00:07:15

Health: -2/60      AC: 10    Str: 17    XL:     7   Next: 98%
Magic:  11/11      EV:  2    Int: 14    God:    Yredelemnul [*.....]
Gold:   201        SH:  0    Dex: 14    Spells: 11/11 levels left

rFire    . . .     SeeInvis +   a - +3 mace
rCold    . . .     Gourm    .   (no shield)
rNeg     . . .     Faith    .   l - +0 ring mail
rPois    .         Spirit   .   e - +0 helmet
rElec    .         Reflect  .   (no cloak)
rCorr    .         Harm     .   (no gloves)
MR       .....                  (no boots)
Stlth    ++........             (no amulet)
HPRegen  0.20/turn              s - +3 ring of protection
MPRegen  0.12/turn              D - ring of see invisible

@: paralysed
A: distributed training, fangs 1, strong nose
a: Animate Remains, Renounce Religion


You were on level 4 of the Dungeon.
You worshipped Yredelemnul.
Yredelemnul was aware of your devotion.
You were hungry.

You visited 1 branch of the dungeon, and saw 4 of its levels.

You collected 201 gold pieces.

Inventory:

Hand Weapons
 a - a +3 mace (weapon)
 b - a +0 hunting sling
Missiles
 h - 36 sling bullets
 i - 130 stones (quivered)
 B - 7 javelins
Armour
 c - a +0 robe
 e - a +0 helmet (worn)
 l - a +0 ring mail (worn)
 F - a +0 pair of gloves
Jewellery
 s - a +3 ring of protection (left hand)
 C - a -6 ring of evasion
 D - a ring of see invisible (right hand)
Wands
 y - a wand of flame (8/48)
Scrolls
 g - 2 scrolls of enchant weapon
 k - 3 scrolls of immolation
 n - a scroll of identify {unknown}
 v - a scroll of blinking {unknown}
 w - a scroll of teleportation {unknown}
 z - a scroll of fog {unknown}
 A - 2 scrolls of enchant armour {unknown}
Potions
 m - a potion of flight {unknown}
 o - a potion of haste {unknown}
 p - a potion of agility {unknown}
 q - a potion of degeneration {unknown}
 r - 2 potions of heal wounds {unknown}
 t - a potion of curing
 u - a potion of brilliance {unknown}
 x - 2 potions of mutation {unknown}
Comestibles
 d - 2 bread rations
 f - a meat ration
 j - 5 fruits


   Skills:
 + Level 7.1 Fighting
 + Level 2.7 Short Blades
 + Level 2.7 Long Blades
 + Level 2.7 Axes
 + Level 5.4 Maces & Flails
 + Level 2.7 Polearms
 + Level 2.7 Staves
 + Level 2.7 Slings
 + Level 2.7 Bows
 + Level 2.7 Crossbows
 + Level 3.8 Throwing
 + Level 3.8 Armour
 + Level 2.7 Dodging
 + Level 3.7 Stealth
 + Level 2.7 Shields
 + Level 3.8 Unarmed Combat
 + Level 2.7 Spellcasting
 + Level 2.2 Conjurations
 + Level 2.2 Hexes
 + Level 2.2 Charms
 + Level 2.2 Summonings
 + Level 2.2 Necromancy
 + Level 2.2 Translocations
 + Level 2.2 Transmutations
 + Level 2.2 Fire Magic
 + Level 2.2 Ice Magic
 + Level 2.2 Air Magic
 + Level 2.2 Earth Magic
 + Level 2.2 Poison Magic
 + Level 3.0 Invocations
 + Level 3.8 Evocations


You had 11 spell levels left.
You didn't know any spells.

Dungeon Overview and Level Annotations

Branches:
Dungeon (4/15)
 Temple: D:4-7

Altars:
Dithmenos
Qazlal
Uskayaw
Vehumet
Yredelemnul
Zin
The Shining One

Annotations:
D:4 Grinder


Innate Abilities, Weirdness & Mutations

Your experience applies equally to all skills.
You have very sharp teeth.
Your uncanny sense of smell can sniff out nearby items.


Message History

Grinder is almost dead.
Grinder gestures at you. You resist with significant effort.
Grinder gestures at you.
You suddenly lose the ability to move!
Grinder gestures at you.
You shrug off the repeated paralysis!
Grinder hits you!
* * * LOW HITPOINT WARNING * * *
You writhe in agony.
* * * LOW HITPOINT WARNING * * *
Grinder gestures at you.
You shrug off the repeated paralysis!
Grinder hits you.
* * * LOW HITPOINT WARNING * * *
You writhe in agony.
* * * LOW HITPOINT WARNING * * *
Grinder hits you.
You die...
Your body rises from the dead as a mindless zombie.

........#
#.########'##
........## #.# #...#
.........# #.# #...#
.........# #.# #...#
########.## #.# #...#
#.†# #.# #...# ######
##.# #.# #...#
#....####.###.###
#...#
∆#....'...@......##
##'##∆
#....####5.##....#
#.#
#....#<..........#
#.#
####.#.###..#....#
#.# #.# ##.#....# #.#
#.######......# #.#
#.#......(....# #.#
#.#...........#####.#
#.#######.........#.#


You could see Grinder.

Vanquished Creatures
  The ghost of Barriton the Ruffian, an amateur DrTm of Dithmenos (D:4)
  A human (D:3)
  A howler monkey (D:4)
  2 orc priests (D:3)
  2 worker ants (D:4)
  Natasha (thrice) (D:2)
  2 orc wizards (D:4)
  7 adders
  2 worms
  4 dart slugs
  2 leopard geckos
  18 orcs
  3 ball pythons
  3 giant cockroaches (D:1)
  6 goblins
  11 hobgoblins
  16 jackals
  6 kobolds
  4 quokkas
  12 bats
  5 frilled lizards
  3 kobold skeletons (D:3)
  A leopard gecko skeleton (D:4)
  13 rats
128 creatures vanquished.

Notes
Turn   | Place    | Note
-------+----------+-------------------------------------------
     0 | D:1      | scotchgp the Gnoll Wanderer began the quest for the Orb.
     0 | D:1      | scotchgp set off with: a +2 mace, 2 potions of curing, a +0 robe, a bread ration
     0 | D:1      | Reached XP level 1. HP: 23/23 MP: 2/2
   194 | D:1      | Reached XP level 2. HP: 29/29 MP: 3/3
   447 | D:1      | Reached XP level 3. HP: 20/35 MP: 4/4
   723 | D:1      | Reached skill level 1 in Invocations
   922 | D:1      | Reached skill level 1 in Short Blades
   922 | D:1      | Reached skill level 1 in Long Blades
   922 | D:1      | Reached skill level 1 in Axes
   922 | D:1      | Reached skill level 1 in Polearms
   922 | D:1      | Reached skill level 1 in Staves
   922 | D:1      | Reached skill level 1 in Slings
   922 | D:1      | Reached skill level 1 in Bows
   922 | D:1      | Reached skill level 1 in Crossbows
   922 | D:1      | Reached skill level 1 in Dodging
   922 | D:1      | Reached skill level 1 in Shields
   922 | D:1      | Reached skill level 1 in Spellcasting
   964 | D:2      | Reached XP level 4. HP: 41/41 MP: 6/6
  1131 | D:2      | Found a stormy altar of Qazlal.
  1143 | D:2      | Found a glowing golden altar of the Shining One.
  1247 | D:2      | Reached skill level 1 in Conjurations
  1247 | D:2      | Reached skill level 1 in Hexes
  1247 | D:2      | Reached skill level 1 in Charms
  1247 | D:2      | Reached skill level 1 in Summonings
  1247 | D:2      | Reached skill level 1 in Necromancy
  1247 | D:2      | Reached skill level 1 in Translocations
  1247 | D:2      | Reached skill level 1 in Transmutations
  1247 | D:2      | Reached skill level 1 in Fire Magic
  1247 | D:2      | Reached skill level 1 in Ice Magic
  1247 | D:2      | Reached skill level 1 in Air Magic
  1247 | D:2      | Reached skill level 1 in Earth Magic
  1247 | D:2      | Reached skill level 1 in Poison Magic
  1257 | D:2      | Found a faded altar of an unknown god.
  1593 | D:2      | Reached XP level 5. HP: 47/47 MP: 7/7
  1602 | D:2      | Found a shadowy altar of Dithmenos.
  1653 | D:2      | Noticed Natasha
  1659 | D:2      | Killed Natasha
  1676 | D:2      | Found a hide-covered altar of Uskayaw.
  1746 | D:2      | Noticed Natasha
  1755 | D:2      | Killed Natasha
  2158 | D:2      | Noticed Natasha
  2165 | D:2      | Killed Natasha
  2226 | D:2      | Found a glowing silver altar of Zin.
  2285 | D:3      | Found a runed door.
  2285 | D:3      | Noticed a human
  2322 | D:3      | Reached XP level 6. HP: 34/53 MP: 8/8
  2465 | D:3      | Found a basalt altar of Yredelemnul.
  2517 | D:3      | Killed a human
  2517 | D:3      | Reached skill level 5 in Maces & Flails
  2833 | D:3      | Became a worshipper of Yredelemnul the Dark
  3101 | D:3      | Found a radiant altar of Vehumet.
  3244 | D:3      | Reached XP level 7. HP: 25/59 MP: 10/10
  3544 | D:4      | Noticed Barriton's ghost (amateur DrTm)
  3599 | D:4      | Killed Barriton's ghost
  3599 | D:4      | Reached skill level 7 in Fighting
  4021 | D:4      | Reached * piety under Yredelemnul
  4363 | D:4      | Noticed Grinder
  4392 | D:4      | Paralysed by Grinder for 6 turns
  4396 | D:4      | HP: 1/60 [Grinder (5)]
  4397 | D:4      | Slain by Grinder

Vault maps used:
D:1:      evilmike_arrival_home_sweet_home
D:2:      overflow_temple_1_default, grunt_qazlal_clouds, old_standard_altar,
          nicolae_dithmenos_through_a_glass_darkly, lemuel_crystal_altar,
          chequers_ecumenical_altar_island, uniq_natasha
D:3:      old_standard_altar, first_bread, hangedman_abyss_or_decor_stabs,
          dk_yredelemnul_ordeal
D:4:      uniq_blork_the_orc, uniq_grinder

Skill      XL: |  1  2  3  4  5  6  7 |
---------------+----------------------+-----
Invocations    | 1 2 3 |  3.0
Short Blades   | 1 2 |  2.7
Long Blades    | 1 2 |  2.7
Axes           | 1 2 |  2.7
Polearms       | 1 2 |  2.7
Staves         | 1 2 |  2.7
Slings         | 1 2 |  2.7
Bows           | 1 2 |  2.7
Crossbows      | 1 2 |  2.7
Dodging        | 1 2 |  2.7
Shields        | 1 2 |  2.7
Spellcasting   | 1 2 |  2.7
Conjurations   | 1 2 |  2.2
Hexes          | 1 2 |  2.2
Charms         | 1 2 |  2.2
Summonings     | 1 2 |  2.2
Necromancy     | 1 2 |  2.2
Translocations | 1 2 |  2.2
Transmutations | 1 2 |  2.2
Fire Magic     | 1 2 |  2.2
Ice Magic      | 1 2 |  2.2
Air Magic      | 1 2 |  2.2
Earth Magic    | 1 2 |  2.2
Poison Magic   | 1 2 |  2.2
Throwing       | 3 |  3.8
Armour         | 3 |  3.8
Unarmed Combat | 3 |  3.8
Evocations     | 3 |  3.8
Stealth        | 3 |  3.7
Maces & Flails | 5 |  5.4
Fighting       | 7 |  7.1

Action                   |  1- 3 |  4- 6 |  7- 9 || total
-------------------------+-------+-------+-------++-------
Melee: Mace              |   103 |   190 |   110 ||   403
       Bite              |     5 |    22 |     8 ||    35
       Punch             |     1 |     2 |     6 ||     9
 Fire: Hunting sling     |       |     5 |       ||     5
  Use: Scroll            |     1 |     2 |       ||     3
       Potion            |       |       |     2 ||     2
 Stab: Sleeping          |     3 |     1 |       ||     4
  Eat: Chunk             |       |     8 |     3 ||    11
Armor: Robe              |    13 |       |       ||    13
       Ring mail         |    27 |   117 |    40 ||   184
Dodge: Dodged            |    84 |   128 |    75 ||   287

Table legend:
 A = Spawn XP
 B = Non-spawn XP
 C = Spawn XP percentage of total XP
 D = Spawn monster count
 E = Non-spawn monster count
 F = Spawn count percentage of total count
 G = Total turns spent on level
                    A         B        C        D         E        F      G
               +---------+---------+-------+---------+---------+-------+---------
         Total |       0 |    1188 |   0.0 |       0 |     128 |   0.0 |  4397
               +---------+---------+-------+---------+---------+-------+---------
           D:1 |       0 |      76 |   0.0 |       0 |      41 |   0.0 |   956
           D:2 |       0 |     214 |   0.0 |       0 |      35 |   0.0 |  1329
           D:3 |       0 |     362 |   0.0 |       0 |      34 |   0.0 |  1142
           D:4 |       0 |     536 |   0.0 |       0 |      18 |   0.0 |   970
               +---------+---------+-------+---------+---------+-------+---------
